 Dungeon Crawl Stone Soup version 0.29.1-1-gd02db6906a (webtiles) character file.

Game seed: 15787743741490231821

2420 groovy9 the Skirmisher (level 9, -1/68 HPs)
             Began as a Minotaur Hunter on Sept 19, 2022.
             Killed by divine providence
             ... invoked by an orc priest
              (11 damage)
             ... on level 7 of the Dungeon.
             The game lasted 00:26:14 (8135 turns).

groovy9 the Skirmisher (Minotaur Hunter)            Turns: 8135, Time: 00:26:14

Health: -1/68      AC:  6    Str: 16    XL:     9   Next: 24%
Magic:  0/11       EV: 12    Int:  6    God:
Gold:   384        SH:  0    Dex: 18    Spells: 11/12 levels left

rFire   + . .      SeeInvis .   b - +2 dagger (venom)
rCold   . . .      Faith    .   (no shield)
rNeg    . . .      Spirit   +   B - +0 steam dragon scales
rPois   .          Reflect  .   (helmet restricted)
rElec   .          Harm     .   (no cloak)
rCorr   .          Rampage  .   (no gloves)
Will    .....                   c - +0 pair of boots
Stlth   ++........              o - amulet of guardian spirit
HPRegen 0.21/turn               j - ring of wizardry
MPRegen 0.12/turn               n - ring of protection from fire

@: hasted, very quick
A: horns 2, retaliatory headbutt
a: no special abilities


You were on level 7 of the Dungeon.
You visited 2 branches of the dungeon, and saw 8 of its levels.
You also visited: Ossuary.

You collected 442 gold pieces.
You spent 58 gold pieces at shops.

Inventory:

Hand Weapons
 a - a +0 shortbow
 b - a +2 dagger of venom (weapon)
Armour
 c - a +0 pair of boots (worn)
 B - +0 steam dragon scales (worn)
 C - a +0 leather armour of poison resistance
Jewellery
 j - a ring of wizardry (left hand)
 n - a ring of protection from fire (right hand)
 o - an amulet of guardian spirit (around neck)
 r - an amulet of magic regeneration
 s - a ring of magical power
Wands
 g - a wand of quicksilver (6)
 z - a wand of flame (23)
Scrolls
 e - 2 scrolls of teleportation
 f - 2 scrolls of identify
 l - a scroll of immolation
 q - a scroll of poison {unknown}
 u - a scroll of amnesia {unknown}
 x - a scroll of magic mapping {unknown}
 y - 2 scrolls of vulnerability {unknown}
Potions
 h - 2 potions of brilliance {unknown}
 i - a potion of ambrosia
 k - 2 potions of attraction {unknown}
 m - 4 potions of degeneration {unknown}
 p - 3 potions of berserk rage {unknown}
 t - 2 potions of heal wounds {unknown}
 v - 2 potions of flight {unknown}
 w - a potion of invisibility {unknown}


   Skills:
 - Level 2.4 Fighting
 * Level 11.6 Ranged Weapons
 - Level 2.1 Dodging
 - Level 0.7 Stealth
 + Level 2.4 Spellcasting
 + Level 4.8 Necromancy


You had 11 spell levels left.
You knew the following spells:

 Your Spells              Type           Power      Damage    Failure   Level
a - Necrotise             Necr           24%        1d5       2%          1

Your spell library contained the following spells:

 Spells                   Type           Power      Damage    Failure   Level
 Apportation              Tloc           0%         N/A       16%         1
 Summon Small Mammal      Summ           0%         N/A       16%         1
 Summon Guardian Golem    Hex/Summ       0%         N/A       41%         3
 Dispersal                Tloc           0%         N/A       100%        6
 Orb of Destruction       Conj           0%         9d5       100%        7
 Spellforged Servitor     Conj/Summ      0%         N/A       100%        7
 Disjunction              Tloc           0%         N/A       100%        8


Dungeon Overview and Level Annotations

Branches:
Dungeon (7/15)             Temple (1/1) D:6         Ossuary (visited)

Altars:
Ashenzari
Cheibriados
Dithmenos
Elyvilon
Fedhas
Gozag
Kikubaaqudgha
Nemelex Xobeh
Okawaru
Qazlal
Ru
Sif Muna
Trog
Uskayaw
Vehumet
Wu Jian
Xom
Yredelemnul
Zin
The Shining One

Shops:
D:5 =   D:6 *

Annotations:
D:7 Joseph, Prince Ribbit


Innate Abilities, Weirdness & Mutations

You have a pair of horns on your head.
You reflexively headbutt those who attack you in melee.


Message History

The sling bullet freezes you.
Fire: a) +0 shortbow
Press: ? - help, Q - select action, (/) - cycle Shift-Dir - straight line, f/p - Joseph
Aim: Joseph, wielding a +3 sling of freezing, wearing a +0 leather armour and carrying a wand of quicksilver (8) (heavily wounded, 67% to hit)
You shoot an arrow. The arrow hits Joseph!
Joseph is heavily wounded.
Joseph zaps a wand.
The bolt of dispelling energy hits you!
* * * LOW HITPOINT WARNING * * *
Your +2 dagger of venom begins to drip with poison!
b - a +2 dagger of venom (weapon)
Joseph shoots a sling bullet.
The sling bullet hits you!
* * * LOW HITPOINT WARNING * * *
The sling bullet freezes you.
* * * LOW HITPOINT WARNING * * *
Okay, then.
Blink to where?
Press: ? - help, Dir - move target, p - Joseph
As you read the scroll of blinking, it crumbles to dust.
As you read the scroll of teleportation, it crumbles to dust.
You feel strangely unstable.
Joseph shoots a sling bullet.
The sling bullet barely misses you.
Your surroundings suddenly seem different.
Prince Ribbit, an iguana, an orc priest and 4 orcs come into view.
The orc priest is wielding a +0 flail of protection.
An orc is wielding a +0 short sword of speed.
The orc shouts!
The orc priest shouts!
The orc shouts!
The iguana hisses angrily.
The orc shouts!
Prince Ribbit gives a loud, deep croak!
Prince Ribbit sighs, "It's not easy being green!"
Prince Ribbit blinks!
Prince Ribbit moves out of view.
The orc shouts!
Blink to where?
Press: ? - help, Dir - move target
As you read the scroll of blinking, it crumbles to dust.
Okay, then.
Okay, then.
Okay, then.
You feel yourself speed up.
The orc priest calls down the wrath of Beogh upon you.
Beogh smites you!
You die...

#(.........#......#....#
#.|........##..........#
#..........######......#
#......o...# ###....#
#....l.....# #.#...
##...ooo..## #.#...
#....o.## #.#...
#####.## ####.#... #@#
#....# ## #.# ##.####
#.# #..# ... ##.## .#
... #..#####.#.
.....####.##.......
##.................
#.................
................[


You could see an iguana, an orc priest and 4 orcs.

Vanquished Creatures
  Maggie (D:6)
  Sigmund (D:4)
  A wraith (Ossuary)
  Menkaure (D:4)
  Duvessa (D:6)
  A sky beast (D:6)
  3 black bears
  An orc warrior (D:6)
  An ogre (D:4)
  4 bullfrogs
  Dowan (D:6)
  3 hounds
  A jelly (D:5)
  2 orc priests
  7 iguanas
  Natasha (D:4)
  6 orc wizards
  A mummy (Ossuary)
  5 adders
  2 shadow imps
  2 white imps (D:5)
  5 worms
  6 dart slugs
  21 orcs
  3 ball pythons (D:2)
  5 bats
  6 endoplasms
  A giant cockroach (D:2)
  10 goblins
  7 hobgoblins
  7 jackals
  8 kobolds
  3 quokkas
  8 gnoll skeletons (Ossuary)
  10 kobold skeletons (Ossuary)
  7 orc skeletons (Ossuary)
  6 rats
159 creatures vanquished.

Vanquished Creatures (others)
  4 plants (D:3)
4 creatures vanquished.

Grand Total: 163 creatures vanquished

Notes
Turn   | Place    | Note
-------+----------+-------------------------------------------
     0 | D:1      | groovy9 the Minotaur Hunter began the quest for the Orb.
     0 | D:1      | Reached XP level 1. HP: 18/18 MP: 0/0
   134 | D:1      | Reached XP level 2. HP: 25/25 MP: 1/1
   139 | D:1      | Reached skill level 5 in Ranged Weapons
  1096 | D:2      | Reached XP level 3. HP: 30/30 MP: 2/2
  1277 | D:2      | Learned a level 1 spell: Necrotise
  1473 | D:2      | Found a sparkling altar of Nemelex Xobeh.
  1686 | D:2      | Reached skill level 6 in Ranged Weapons
  1933 | D:3      | Reached XP level 4. HP: 25/37 MP: 3/3
  2318 | D:3      | Found a glowing golden altar of the Shining One.
  2318 | D:3      | Found a broken altar of Ashenzari.
  2318 | D:3      | Found a shimmering altar of Xom.
  2934 | D:4      | Reached skill level 1 in Necromancy
  2934 | D:4      | Reached XP level 5. HP: 42/42 MP: 4/4
  3004 | D:4      | Noticed Menkaure
  3009 | D:4      | Killed Menkaure
  3010 | D:4      | Reached skill level 7 in Ranged Weapons
  3191 | D:4      | Noticed Sigmund
  3199 | D:4      | Killed Sigmund
  3200 | D:4      | Reached XP level 6. HP: 47/50 MP: 5/5
  3251 | D:4      | Reached skill level 8 in Ranged Weapons
  3441 | D:4      | Reached XP level 7. HP: 26/56 MP: 2/6
  3645 | D:4      | Noticed Natasha
  3648 | D:4      | Killed Natasha
  4055 | D:5      | Entered Level 5 of the Dungeon
  4087 | D:5      | Found a hide-covered altar of Uskayaw.
  4278 | D:5      | Found Nucufano's Jewellery Shop.
  4284 | D:5      | Found a sand-covered staircase.
  4293 | Ossuary  | Entered an ossuary
  4293 | Ossuary  | Noticed a wraith
  4293 | Ossuary  | Noticed a wraith
  4293 | Ossuary  | Noticed a wraith
  4350 | Ossuary  | Noticed a wraith
  4401 | Ossuary  | Killed a wraith
  4402 | Ossuary  | Reached skill level 9 in Ranged Weapons
  4957 | D:5      | Found a radiant altar of Vehumet.
  5013 | D:5      | Found a shadowy altar of Dithmenos.
  5127 | D:5      | Reached XP level 8. HP: 62/62 MP: 7/7
  5151 | D:5      | Found a blossoming altar of Fedhas.
  5861 | D:5      | Reached skill level 10 in Ranged Weapons
  6107 | D:6      | Noticed Maggie
  6225 | D:6      | Killed Maggie
  6226 | D:6      | Reached skill level 1 in Spellcasting
  6754 | D:6      | Reached skill level 11 in Ranged Weapons
  7159 | D:6      | Found a staircase to the Ecumenical Temple.
  7184 | Temple   | Entered the Ecumenical Temple
  7360 | D:6      | Found Fein's General Store.
  7392 | D:6      | Bought a +0 pair of boots for 58 gold pieces
  7515 | D:6      | Noticed Dowan
  7518 | D:6      | Noticed Duvessa
  7531 | D:6      | Killed Duvessa
  7532 | D:6      | Reached XP level 9. HP: 66/68 MP: 11/11
  7540 | D:6      | Killed Dowan
  8104 | D:7      | Noticed Joseph
  8130 | D:7      | Noticed Prince Ribbit
  8135 | D:7      | Killed from afar by an orc priest

Illustrated notes

Levels and vault maps discovered:
D:1:      evilmike_arrival_plus, layout_basic, minmay_misc_feat_square,
          minmay_misc_feat_pillars
D:2:      layout_basic, basic_altar, minmay_splitting_lines
D:3:      layout_loops_cross, gammafunk_temple_overflow_forgotten
D:4:      layout_loops_corners, uniq_natasha, uniq_menkaure, uniq_sigmund
D:5:      layout_loops_ring, old_standard_altar, nicolae_uskayaw_dance_hall,
          mainiacjoe_overflow_small_starburst, vehumet_altar_wand_db,
          portal_sewer_entry_d, serial_shops, shop_coins,
          nicolae_ossuary_entry_monument
D:6:      layout_rooms, temple_doors_e, serial_shops, shop, uniq_maggie,
          uniq_duvessa
D:7:      gammafunk_corrupted_shrine, layout_rooms, makhleb_grotto_becter,
          uniq_prince_ribbit1, uniq_joseph
Temple:   hellmonk_temple_forest_ring

Skill      XL: |  1  2  3  4  5  6  7  8 |
---------------+-------------------------+-----
Ranged Weapons | 5 6 7 8 9 11 | 11.6
Necromancy     | 1 2 3 4 |  4.8
Spellcasting   | 2 |  2.4
Fighting       | |  2.4
Dodging        | |  2.1
Stealth        | |  0.7

Action                   |  1- 3 |  4- 6 |  7- 9 || total
-------------------------+-------+-------+-------++-------
Melee: Dagger            |       |    13 |   107 ||   120
       Headbutt          |       |     2 |    21 ||    23
       Punch             |       |     1 |       ||     1
 Fire: Shortbow          |   114 |    93 |   290 ||   497
 Cast: Necrotise         |       |       |     5 ||     5
  Use: Scroll            |       |     8 |     3 ||    11
       Potion            |       |     4 |     9 ||    13
Armor: Leather armour    |    14 |     6 |    32 ||    52
       Steam dragon scal |       |       |    13 ||    13
Dodge: Dodged            |    32 |    23 |   126 ||   181
